NCAA
COLORADO BUFFALOES @ IOWA STATE CYCLONES
02/06/1972
 
TOP OF THE 1ST
Colorado Buffaloes batting - Pitching for Iowa State Cyclones : RHP Bobby Freedman
Pitching: RHP Bobby Freedman
Batting: RHB Danny Barbosa 0-0: Ground out 6-3 (Groundball, 6)
Batting: RHB Matt Cameron 0-0: Called Strike
0-1: Ball
1-1: Ball
2-1: Ground out U3 (Groundball, 34)
Batting: LHB Doug High 0-0: Called Strike
0-1: Ball
1-1: Foul Ball, location: 2F
1-2: Ground out 3-1 (Groundball, 34D)
Top of the 1st over - 0 runs, 0 hits, 0 errors, 0 left on base; Colorado 0 - Iowa State 0
BOTTOM OF THE 1ST
Iowa State Cyclones batting - Pitching for Colorado Buffaloes : RHP Ben Bowen
Pitching: RHP Ben Bowen
Batting: RHB Scott Gilliland 0-0: Ball
1-0: Ball
2-0: Ball
3-0: Base on Balls
Batting: RHB Roman Jordan 0-0: Swinging Strike
0-1: Ball
1-1: Ball
2-1: Grounds out, U3 (Groundball, 3L)
Batting: RHB Ryan Streeter 0-0: Ball
1-0: Foul Ball, location: 2F
1-1: Called Strike
1-2: Ball
2-2: Fly out, F9 (Line Drive, 9D)
Runner from 2nd tags up, SAFE at 3rd, no throw
Batting: RHB Andres Vargas 0-0: Called Strike
0-1: Fly out, F2 (Popup, 23F)
Bottom of the 1st over - 0 runs, 0 hits, 0 errors, 1 left on base; Colorado 0 - Iowa State 0
TOP OF THE 2ND
Colorado Buffaloes batting - Pitching for Iowa State Cyclones : RHP Bobby Freedman
Batting: LHB Aaron Rollins 0-0: Called Strike
0-1: Foul Ball, location: 2F
0-2: Foul Ball, location: 2F
0-2: Ball
1-2: Foul Ball, location: 2F
1-2: SINGLE (Groundball, 23) (infield hit)
Batting: LHB Pete Bachrach 0-0: Ball
1-0: Called Strike
1-1: Foul Ball, location: 2F
1-2: Ball
Aaron Rollins steals 2nd base
2-2: Ball
3-2: Ground out 4-3 (Groundball, 4)
Aaron Rollins to third
Batting: RHB Peter Jarnov 0-0: Ball
1-0: Called Strike
1-1: Foul Ball, location: 2F
1-2: Strikes out swinging
Batting: SHB Danny Ellis 0-0: Foul Ball, location: 2F
0-1: Foul Ball, location: 2F
0-2: Ground out 4-3 (Groundball, 4D)
Top of the 2nd over - 0 runs, 1 hit, 0 errors, 1 left on base; Colorado 0 - Iowa State 0
BOTTOM OF THE 2ND
Iowa State Cyclones batting - Pitching for Colorado Buffaloes : RHP Ben Bowen
Batting: LHB Nick Flesher 0-0: Ball
1-0: Called Strike
1-1: Ball
2-1: SINGLE (Groundball, 6MD)
Batting: RHB Jason Pajak 0-0: Ball
1-0: Ball
2-0: Called Strike
2-1: Ball
3-1: Foul Ball, location: 2F
3-2: Fly out, F7 (Flyball, 7LMF)
Batting: LHB John Smarr 0-0: Ball
1-0: Foul Ball, location: 2F
1-1: Ball
2-1: Swinging Strike
2-2: Ball
3-2: Base on Balls
Nick Flesher to second
Batting: RHB Jaylen Turner 0-0: Ball
1-0: Swinging Strike
1-1: Foul Ball, location: 2F
1-2: 3-RUN HOME RUN (Flyball, 7LD), Distance : 363 ft
Batting: RHB Jay Wentz 0-0: Called Strike
0-1: Reached on error, E4 (Groundball, 4)
Batting: RHB Scott Gilliland 0-0: Called Strike
0-1: Swinging Strike
0-2: Ball
1-2: Strikes out swinging
Batting: RHB Roman Jordan 0-0: Ground out 6-3 (Groundball, 6)
Bottom of the 2nd over - 3 runs, 2 hits, 1 error, 1 left on base; Colorado 0 - Iowa State 3
TOP OF THE 3RD
Colorado Buffaloes batting - Pitching for Iowa State Cyclones : RHP Bobby Freedman
Batting: RHB Jeremy Butler 0-0: Ball
1-0: Called Strike
1-1: SINGLE (Flyball, 56D)
Batting: RHB Joe Presnell 0-0: Called Strike
0-1: Ball
1-1: Called Strike
1-2: Ball
2-2: Foul Ball, location: 2F
2-2: Ball
3-2: Foul Ball, location: 2F
3-2: Base on Balls
Jeremy Butler to second
Batting: RHB Danny Barbosa 0-0: Ball
1-0: Ball
2-0: Fly out, F9 (Flyball, 89D)
Batting: RHB Matt Cameron 0-0: Ball
1-0: Grounds into double play, 4-6-3 (Groundball, 4)
Top of the 3rd over - 0 runs, 1 hit, 0 errors, 1 left on base; Colorado 0 - Iowa State 3
BOTTOM OF THE 3RD
Iowa State Cyclones batting - Pitching for Colorado Buffaloes : RHP Ben Bowen
Batting: RHB Ryan Streeter 0-0: Called Strike
0-1: Foul Ball, location: 2F
0-2: Hit by Pitch
Batting: RHB Andres Vargas 0-0: Ball
1-0: Foul Ball, location: 2F
1-1: Ball
2-1: Called Strike
2-2: Ball
3-2: Foul Ball, location: 2F
3-2: Fly out, F2 (Popup, 5SF)
Batting: LHB Nick Flesher 0-0: Ball
1-0: Ball
2-0: Fielders Choice at 2nd, 6-4 (Groundball, 56)
Batting: RHB Jason Pajak 0-0: Ground out 6-3 (Groundball, 6)
Bottom of the 3rd over - 0 runs, 0 hits, 0 errors, 1 left on base; Colorado 0 - Iowa State 3
TOP OF THE 4TH
Colorado Buffaloes batting - Pitching for Iowa State Cyclones : RHP Bobby Freedman
Batting: LHB Doug High 0-0: Called Strike
0-1: Fly out, F7 (Flyball, 78M)
Batting: LHB Aaron Rollins 0-0: Ball
1-0: Ball
2-0: Ball
3-0: Called Strike
3-1: Base on Balls
Batting: LHB Pete Bachrach 0-0: Grounds into double play, 4-6-3 (Groundball, 4)
Top of the 4th over - 0 runs, 0 hits, 0 errors, 0 left on base; Colorado 0 - Iowa State 3
BOTTOM OF THE 4TH
Iowa State Cyclones batting - Pitching for Colorado Buffaloes : RHP Ben Bowen
Batting: LHB John Smarr 0-0: Ball
1-0: Called Strike
1-1: Ball
2-1: Swinging Strike
2-2: Fly out, F9 (Flyball, 9LM)
Batting: RHB Jaylen Turner 0-0: Foul Ball, location: 2F
0-1: Ball
1-1: Fly out, F6 (Popup, P)
Batting: RHB Jay Wentz 0-0: Ball
1-0: Called Strike
1-1: Ball
2-1: SINGLE (Groundball, 6MD)
Batting: RHB Scott Gilliland 0-0: Ball
1-0: Swinging Strike
1-1: Ball
2-1: Swinging Strike
2-2: SINGLE (Groundball, 4MD)
Jay Wentz to second
Batting: RHB Roman Jordan 0-0: DOUBLE (Line Drive, 7LD)
Jay Wentz scores
Scott Gilliland to third
Runner from 3rd tries for Home, SAFE, no throw
Batting: RHB Ryan Streeter 0-0: Ball
1-0: Ball
2-0: Foul Ball, location: 2F
2-1: Ground out 6-3 (Groundball, 6MS)
Bottom of the 4th over - 2 runs, 3 hits, 0 errors, 1 left on base; Colorado 0 - Iowa State 5
TOP OF THE 5TH
Colorado Buffaloes batting - Pitching for Iowa State Cyclones : RHP Bobby Freedman
Batting: RHB Peter Jarnov 0-0: Called Strike
0-1: Ball
1-1: Ball
2-1: Ball
3-1: Base on Balls
Batting: SHB Danny Ellis 0-0: SINGLE (Line Drive, 34D)
Peter Jarnov to second
Batting: RHB Jeremy Butler 0-0: Ball
1-0: Ball
2-0: Ball
3-0: Called Strike
3-1: Called Strike
3-2: Fly out, F9 (Flyball, 89M)
Batting: RHB Joe Presnell 0-0: Ball
1-0: Foul Ball, location: 2F
1-1: SINGLE (Line Drive, 4)
Peter Jarnov to third
Danny Ellis to second
Batting: RHB Danny Barbosa 0-0: Grounds into double play, 5-4-3 (Groundball, 5)
Top of the 5th over - 0 runs, 2 hits, 0 errors, 2 left on base; Colorado 0 - Iowa State 5
BOTTOM OF THE 5TH
Iowa State Cyclones batting - Pitching for Colorado Buffaloes : RHP Ben Bowen
Batting: RHB Andres Vargas 0-0: Ball
1-0: Called Strike
1-1: Ground out 5-3 (Groundball, 56S)
Batting: LHB Nick Flesher 0-0: Ground out U3 (Groundball, 3)
Batting: RHB Jason Pajak 0-0: Ball
1-0: Ball
2-0: Ball
3-0: Called Strike
3-1: Called Strike
3-2: Ground out 6-3 (Groundball, 6)
Bottom of the 5th over - 0 runs, 0 hits, 0 errors, 0 left on base; Colorado 0 - Iowa State 5
TOP OF THE 6TH
Colorado Buffaloes batting - Pitching for Iowa State Cyclones : RHP Bobby Freedman
Batting: RHB Matt Cameron 0-0: Called Strike
0-1: Ball
1-1: Ball
2-1: Ground out 5-3 (Groundball, 2L)
Batting: LHB Doug High 0-0: Foul Ball, location: 2F
0-1: Ball
1-1: Called Strike
1-2: Ground out 4-3 (Groundball, 4)
Batting: LHB Aaron Rollins 0-0: Ball
1-0: Ball
2-0: Ball
3-0: Called Strike
3-1: Base on Balls
Batting: LHB Pete Bachrach 0-0: Ball
1-0: Called Strike
1-1: Foul Ball, location: 2F
1-2: Ball
2-2: Foul Ball, location: 2F
2-2: Ball
3-2: Foul Ball, location: 2F
3-2: Base on Balls
Aaron Rollins to second
Batting: RHB Peter Jarnov 0-0: Ball
1-0: Ball
2-0: Foul Ball, location: 2F
2-1: Ball
3-1: Swinging Strike
3-2: Foul Ball, location: 2F
3-2: Foul Ball, location: 2F
3-2: Strikes out looking
Top of the 6th over - 0 runs, 0 hits, 0 errors, 2 left on base; Colorado 0 - Iowa State 5
BOTTOM OF THE 6TH
Iowa State Cyclones batting - Pitching for Colorado Buffaloes : RHP Ben Bowen
Batting: LHB John Smarr 0-0: Called Strike
0-1: Ball
1-1: Called Strike
1-2: Fly out, F5 (Popup, 5SF)
Batting: RHB Jaylen Turner 0-0: Ball
1-0: Ball
2-0: Ball
3-0: Base on Balls
Batting: RHB Jay Wentz 0-0: Ball
1-0: Called Strike
1-1: Foul Ball, location: 2F
1-2: Strikes out swinging
Batting: RHB Scott Gilliland 0-0: Fielders Choice at 2nd, 6-4 (Groundball, 6)
Bottom of the 6th over - 0 runs, 0 hits, 0 errors, 1 left on base; Colorado 0 - Iowa State 5
TOP OF THE 7TH
Colorado Buffaloes batting - Pitching for Iowa State Cyclones : RHP Bobby Freedman
Batting: SHB Danny Ellis 0-0: Foul Ball, location: 2F
0-1: Ball
1-1: Called Strike
1-2: Ball
2-2: Strikes out swinging
Batting: RHB Jeremy Butler 0-0: Called Strike
0-1: Ball
1-1: Ground out 6-3 (Groundball, 6D)
Batting: RHB Joe Presnell 0-0: Called Strike
0-1: Ball
1-1: Fly out, F9 (Flyball, 89M)
Top of the 7th over - 0 runs, 0 hits, 0 errors, 0 left on base; Colorado 0 - Iowa State 5
BOTTOM OF THE 7TH
Iowa State Cyclones batting - Pitching for Colorado Buffaloes : RHP Ben Bowen
Batting: RHB Roman Jordan 0-0: Ball
1-0: Called Strike
1-1: Ball
2-1: Ball
3-1: Base on Balls
Batting: RHB Ryan Streeter 0-0: Called Strike
0-1: Ball
1-1: Swinging Strike
1-2: Foul Ball, location: 2F
1-2: Fielders Choice at 2nd, 6-4 (Groundball, 6)
Batting: RHB Andres Vargas 0-0: Called Strike
0-1: Swinging Strike
0-2: Ball
1-2: Grounds into double play, 5-4-3 (Groundball, 56)
Bottom of the 7th over - 0 runs, 0 hits, 0 errors, 0 left on base; Colorado 0 - Iowa State 5
TOP OF THE 8TH
Colorado Buffaloes batting - Pitching for Iowa State Cyclones : RHP Bobby Freedman
Now at 2B: Eric Perez
Now at 3B: Charlie Thompson
Batting: RHB Danny Barbosa 0-0: Swinging Strike
0-1: Foul Ball, location: 2F
0-2: Foul Ball, location: 2F
0-2: Ball
1-2: Ground out 6-3 (Groundball, 6)
Batting: RHB Matt Cameron 0-0: Foul Ball, location: 2F
0-1: Called Strike
0-2: Ball
1-2: Ground out 3-1 (Groundball, 23)
Batting: LHB Doug High 0-0: Called Strike
0-1: Swinging Strike
0-2: Strikes out swinging
Top of the 8th over - 0 runs, 0 hits, 0 errors, 0 left on base; Colorado 0 - Iowa State 5
BOTTOM OF THE 8TH
Iowa State Cyclones batting - Pitching for Colorado Buffaloes : RHP Ben Bowen
Batting: LHB Nick Flesher 0-0: Ball
1-0: Ball
2-0: Foul Ball, location: 2F
2-1: Ball
3-1: Base on Balls
Batting: RHB Jason Pajak 0-0: Ball
1-0: Ground out 5-3 (Groundball, 56S)
Nick Flesher to second
Batting: LHB John Smarr 0-0: Fly out, F3 (Popup, 3F)
Batting: RHB Jaylen Turner 0-0: Ball
1-0: Foul Ball, location: 2F
1-1: Ball
Nick Flesher steals 3rd base
2-1: Foul Ball, location: 2F
2-2: Foul Ball, location: 2F
2-2: Fly out, F4 (Line Drive, 4)
Bottom of the 8th over - 0 runs, 0 hits, 0 errors, 1 left on base; Colorado 0 - Iowa State 5
TOP OF THE 9TH
Colorado Buffaloes batting - Pitching for Iowa State Cyclones : RHP Bobby Freedman
Batting: LHB Aaron Rollins 0-0: Ball
1-0: Ball
2-0: Fly out, F8 (Flyball, 8RD)
Batting: LHB Pete Bachrach 0-0: Ball
1-0: Fly out, F9 (Flyball, 89M)
Batting: RHB Peter Jarnov 0-0: Hit by Pitch
Batting: SHB Danny Ellis 0-0: Ball
1-0: Foul Ball, location: 2F
1-1: Ball
2-1: SINGLE (Groundball, 6MD)
Peter Jarnov to second
Batting: RHB Jeremy Butler 0-0: Called Strike
0-1: Fly out, F8 (Flyball, 8RD)
Top of the 9th over - 0 runs, 1 hit, 0 errors, 2 left on base; Colorado 0 - Iowa State 5
Friday, October 27th, 2017 - OOTP Baseball 18.8 Build 76